Map: Dusk Towers

Players

Chris (MCanning)

  • Race: Protoss Protoss
  • League: Grandmaster

WinD - Winner!

  • Race: Zerg Zerg
  • League: Grandmaster

VOD

Have the link to the VOD?

Description

Time

  • Played on: Nov. 26, 2015, 12:18 a.m.
  • Length: 16:52
Show
View Real Time Build Order
Export as new Build Order

Chris Protoss 

Build Orders: Nexus First 

Get SALT Encoding   

  12  0:01  Probe (Chrono Boost)  
  13  0:12  Probe (Chrono Boost)  
  14  0:21  Pylon  
  14  0:22  Probe (Chrono Boost)  
  15  0:40  Probe (Chrono Boost)  
  16  0:50  Probe (Chrono Boost)  
  17  1:00  Nexus  
  17  1:10  Gateway  
  17  1:16  Probe (Chrono Boost)  
  18  1:26  Probe (Chrono Boost), Assimilator  
  18  1:32  Assimilator  
  19  1:37  Probe (Chrono Boost)  
  20  1:40  Pylon  
  20  1:48  Probe (Chrono Boost)  
  21  1:58  Probe (Chrono Boost)  
  21  1:59  Cybernetics Core  
  22  2:09  Probe (Chrono Boost), Zealot  
  22  2:14  Probe (Chrono Boost)  
  26  2:19  Probe (Chrono Boost)  
  27  2:25  Probe (Chrono Boost)  
  29  2:30  Probe (Chrono Boost)  
  29  2:35  Probe (Chrono Boost)  
  30  2:41  Mothership Core (Chrono Boost), Stalker  
  30  2:43  Warp Gate (Chrono Boost)  
  34  2:47  Probe (Chrono Boost)  
  35  2:58  Probe (Chrono Boost)  
  36  2:59  Probe (Chrono Boost)  
  37  3:08  Probe (Chrono Boost)  
  37  3:09  Probe (Chrono Boost)  
  39  3:17  Nexus  
  39  3:19  Probe (Chrono Boost)  
  40  3:21  Sentry  
  40  3:23  Pylon  
  42  3:28  Pylon  
  42  3:30  Probe (Chrono Boost)  
  42  3:33  Probe (Chrono Boost)  
  44  3:41  Probe (Chrono Boost)  
  45  3:44  Probe (Chrono Boost)  
  45  3:45  Pylon  
  46  3:51  Probe (Chrono Boost)  
  46  3:54  Probe (Chrono Boost)  
  48  4:01  Robotics Facility  
  48  4:02  Probe (Chrono Boost)  
  49  4:04  Gateway  
  49  4:06  Gateway  
  49  4:11  Sentry  
  49  4:12  Pylon  
  51  4:17  Probe  
  51  4:21  Probe  
  53  4:27  Forge  
  53  4:29  Probe x2 (Chrono Boost)  
  55  4:32  Probe (Chrono Boost)  
  55  4:33  Assimilator  
  55  4:37  Assimilator  
  58  4:39  Pylon  
  58  4:40  Probe (Chrono Boost)  
  58  4:41  Probe (Chrono Boost)  
  58  4:43  Probe (Chrono Boost)  
  61  4:51  Probe x2 (Chrono Boost)  
  61  4:53  Observer (Chrono Boost)  
  61  4:54  Probe (Chrono Boost)  
  61  4:57  Protoss Ground Weapons Level 1 (Chrono Boost)  
  63  5:01  Sentry  
  63  5:02  Probe (Chrono Boost)  
  63  5:03  Probe (Chrono Boost)  
  63  5:05  Probe  
  67  5:07  Twilight Council  
  68  5:14  Stalker, Probe  
  68  5:15  Stalker  
  68  5:16  Probe  
  68  5:17  Probe, Warp Prism (Chrono Boost)  
  77  5:22  Pylon  
  77  5:26  Probe  
  77  5:27  Probe  
  79  5:33  Robotics Bay  
  76  5:35  Pylon  
  76  5:38  Gateway  
  76  5:39  Probe  
  76  5:42  Gateway, Adept x3  
  83  5:47  Blink  
  83  5:48  Probe  
  83  5:55  Probe x2  
  86  5:59  Probe  
  86  6:01  Pylon  
  86  6:03  Gateway  
  87  6:05  Gateway  
  87  6:07  Probe, Observer (Chrono Boost)  
  87  6:10  Adept x3  
  87  6:11  Probe  
  95  6:12  Probe  
  97  6:19  Probe  
  97  6:22  Probe, Dark Shrine  
  97  6:25  Assimilator  
  99  6:30  Assimilator  
  99  6:33  Adept x3  
  99  6:38  Adept x2  
  109  6:43  Disruptor (Chrono Boost)  
  109  6:44  Probe  
  109  6:45  Probe  
  114  6:48  Probe  
  115  6:56  Probe  
  116  7:07  Probe  
  117  7:11  Adept x4  
  124  7:16  Probe  
  124  7:22  Stargate  
  114  7:24  Stargate  
  114  7:26  Photon Cannon  
  114  7:29  Warp Prism (Chrono Boost), Stargate  
  112  7:30  Probe, Photon Cannon  
  112  7:32  Photon Cannon  
  112  7:34  Photon Cannon  
  112  7:35  Photon Cannon  
  112  7:36  Photon Cannon  
  113  7:37  Dark Templar, Photon Cannon  
  113  7:38  Photon Cannon  
  113  7:40  Dark Templar  
  117  7:46  Photon Cannon  
  117  7:47  Photon Cannon  
  117  7:48  Pylon  
  117  7:57  Adept  
  117  7:58  Adept x2  
  123  8:07  Phoenix x2 (Chrono Boost)  
  127  8:13  Fleet Beacon, Pylon  
  127  8:14  Zealot x2  
  127  8:18  Pylon  
  131  8:20  Pylon  
  131  8:21  Pylon  
  131  8:22  Phoenix (Chrono Boost)  
  131  8:23  Pylon  
  131  8:39  Dark Templar x2  
  131  8:40  Zealot x2  
  139  8:43  Phoenix (Chrono Boost)  
  141  8:51  Phoenix (Chrono Boost)  
  143  9:01  Disruptor  
  143  9:02  Anion Pulse-Crystals (Chrono Boost)  
  142  9:07  Nexus  
  142  9:09  Pylon  
  140  9:10  Pylon  
  140  9:11  Stalker, Zealot  
  140  9:12  Zealot x3  
  140  9:13  Probe  
  150  9:20  Phoenix (Chrono Boost)  
  152  9:25  Zealot  
  150  9:32  Phoenix (Chrono Boost)  
  150  9:34  Probe  
  150  9:35  Phoenix (Chrono Boost)  
  149  9:42  Charge (Chrono Boost)  
  149  9:44  Probe, Nexus  
  150  9:46  Pylon  
  150  9:47  Pylon  
  150  9:56  Zealot x3, Phoenix (Chrono Boost)  
  150  9:57  Zealot x4  
  164  10:10  Photon Cannon  
  164  10:11  Photon Cannon x2  
  164  10:13  Pylon, Phoenix (Chrono Boost)  
  168  10:16  Phoenix (Chrono Boost)  
  168  10:18  Zealot  
  168  10:19  Zealot x2  
  150  10:31  Stalker x3  
  150  10:34  Phoenix (Chrono Boost)  
  154  10:35  Phoenix (Chrono Boost)  
  154  10:40  Stalker x3  
  146  10:46  Disruptor (Chrono Boost)  
  147  10:52  Probe, Protoss Ground Weapons Level 2 (Chrono Boost)  
  146  10:59  Stalker x2  
  146  11:04  Probe  
  150  11:07  Probe  
  151  11:15  Zealot x3  
  151  11:17  Assimilator  
  157  11:20  Zealot  
  157  11:23  Assimilator  
  159  11:27  Disruptor  
  159  11:31  Probe  
  163  11:39  Zealot x3  
  169  11:40  Zealot x3  
  175  11:50  Probe  
  175  11:52  Dark Shrine  
  176  12:01  Probe  
  177  12:03  Dark Templar x5  
  172  12:13  Disruptor  
  172  12:17  Probe  
  172  12:22  Probe  
  177  12:24  Probe  
  177  12:26  Archon  
  177  12:27  Archon  
  177  12:29  Stalker x2  
  182  12:30  Probe  
  182  12:36  Stalker x5  
  193  12:43  Probe  
  189  12:50  Immortal  
  175  12:56  Probe  
  175  12:57  Nexus  
  178  13:00  Pylon  
  178  13:05  Graviton Catapult (Chrono Boost), Robotics Facility  
  178  13:11  Dark Templar x2  
  182  13:18  Pylon  
  170  13:31  Probe  
  133  13:37  Dark Templar  
  133  13:38  Dark Templar x3  
  126  13:42  Void Ray (Chrono Boost)  
  126  13:43  Void Ray (Chrono Boost)  
  123  13:51  Void Ray (Chrono Boost)  
  107  14:10  Templar Archives, Mothership Core (Chrono Boost)  
  107  14:13  Photon Cannon  
  107  14:14  Photon Cannon  
  107  14:15  Photon Cannon  
  109  14:20  Void Ray (Chrono Boost)  
  109  14:23  Probe (Chrono Boost)  
  109  14:24  Void Ray (Chrono Boost)  
  110  14:29  Carrier (Chrono Boost)  
  110  14:30  Probe (Chrono Boost)  
  119  14:32  Pylon  
  119  14:33  Probe (Chrono Boost)  
  119  14:35  Psionic Storm  
  119  14:36  Assimilator  
  119  14:37  Zealot  
  122  14:40  Assimilator  
  128  14:47  High Templar x2  
  128  14:48  High Templar  
  128  15:01  Zealot x2  
  128  15:02  Zealot x2  
  124  15:18  Void Ray  
  105  15:21  Void Ray  
  100  15:38  Dark Templar x2  
  100  15:39  Dark Templar  
  100  15:41  Dark Templar x2  
  99  15:59  Zealot x2  
  88  16:35  Archon  
Show
View Real Time Build Order
Export as new Build Order

WinD Zerg - Winner!

Build Orders: 3 Hatch before Pool, Lurkers 

Get SALT Encoding   

  12  0:02  Drone  
  13  0:12  Overlord  
  13  0:18  Drone  
  14  0:30  Drone x2  
  16  0:40  Drone  
  17  0:53  Hatchery  
  17  0:56  Drone  
  17  1:00  Drone  
  18  1:22  Hatchery  
  18  1:25  Drone  
  18  1:27  Drone, Extractor  
  18  1:42  Spawning Pool  
  18  1:43  Drone  
  18  1:47  Drone  
  18  1:52  Drone  
  20  2:01  Drone  
  20  2:07  Drone  
  22  2:16  Drone  
  22  2:22  Drone x2  
  25  2:29  Metabolic Boost  
  25  2:33  Queen x2  
  29  2:39  Queen  
  31  2:44  Overlord  
  31  2:49  Overlord  
  31  2:52  Drone  
  31  2:53  Drone  
  31  2:55  Drone  
  34  3:05  Zergling x4  
  36  3:06  Drone x3  
  36  3:08  Drone  
  40  3:13  Queen  
  40  3:18  Drone x2  
  44  3:20  Drone  
  44  3:25  Extractor  
  44  3:27  Zergling x6  
  44  3:31  Overlord  
  47  3:34  Overlord  
  47  3:44  Roach Warren  
  46  3:57  Drone x7  
  46  3:58  Drone x3  
  46  3:59  Drone  
  46  4:00  Drone  
  58  4:06  Lair  
  58  4:09  Overlord  
  58  4:13  Overlord  
  56  4:29  Zergling x8  
  56  4:30  Zergling x4  
  59  4:31  Drone x3  
  59  4:35  Evolution Chamber, Drone x3  
  59  4:36  Extractor  
  59  4:37  Evolution Chamber  
  62  4:38  Drone x2  
  62  4:40  Drone  
  66  4:45  Drone  
  66  4:55  Drone x2  
  66  4:57  Drone x3, Extractor  
  70  5:00  Hatchery  
  70  5:01  Drone x3  
  70  5:05  Glial Reconstitution  
  72  5:07  Overseer  
  72  5:11  Zerg Ground Armor Level 1  
  72  5:12  Zerg Melee Weapons Level 1  
  72  5:27  Overlord x4  
  72  5:28  Overlord  
  66  5:44  Overlord  
  66  5:45  Overlord x3  
  66  5:46  Drone  
  66  5:47  Drone x2  
  66  5:48  Roach x5  
  79  5:54  Roach x2  
  83  5:59  Extractor x2  
  83  6:00  Roach  
  83  6:02  Drone  
  84  6:04  Spire  
  84  6:07  Overseer  
  83  6:17  Drone x6  
  83  6:18  Drone, Zergling x6  
  90  6:19  Zergling x6  
  90  6:20  Ravager x3  
  99  6:27  Zergling x6  
  99  6:29  Drone  
  103  6:36  Overlord  
  103  6:37  Overlord x2  
  103  6:40  Zergling x8  
  103  6:46  Roach x5  
  117  6:50  Ravager x5  
  122  6:56  Zergling x12  
  120  7:04  Zergling x4  
  120  7:11  Zergling x12  
  120  7:12  Zergling x8  
  127  7:17  Zerg Flyer Weapons Level 1  
  126  7:26  Drone  
  126  7:29  Zergling x12  
  133  7:31  Drone  
  133  7:33  Extractor  
  133  7:34  Extractor  
  132  7:37  Drone  
  132  7:38  Drone  
  132  7:39  Drone  
  132  7:42  Overlord  
  135  7:44  Overlord  
  135  7:49  Pneumatized Carapace  
  135  7:51  Overseer  
  135  7:54  Overseer  
  135  7:55  Overseer  
  135  7:56  Overseer  
  135  7:57  Drone x4  
  139  7:59  Drone x5  
  139  8:03  Zerg Ground Armor Level 2  
  139  8:04  Zerg Melee Weapons Level 2  
  144  8:11  Mutalisk x4  
  152  8:14  Drone x4  
  156  8:20  Overseer  
  156  8:29  Mutalisk x2  
  156  8:32  Drone x10, Spine Crawler  
  169  8:34  Spine Crawler  
  169  8:37  Drone x4  
  172  8:51  Mutalisk  
  174  8:57  Infestation Pit  
  174  9:02  Mutalisk  
  174  9:04  Hatchery, Overlord x4  
  173  9:17  Mutalisk  
  173  9:20  Overlord x3  
  173  9:21  Overlord  
  173  9:23  Queen  
  174  9:35  Hive, Mutalisk x7  
  188  9:39  Hatchery  
  188  9:40  Zergling x4  
  188  9:41  Zergling x6  
  192  9:45  Overseer  
  190  9:54  Spire  
  190  9:57  Drone x5  
  190  9:58  Drone x3  
  197  10:00  Hydralisk Den  
  161  10:30  Roach x2  
  161  10:31  Zergling x28  
  154  10:45  Roach x6  
  154  10:46  Roach x4  
  154  10:49  Lurker Den  
  156  10:50  Ultralisk Cavern  
  156  10:52  Roach x3  
  156  10:54  Hydralisk  
  156  10:55  Hydralisk  
  155  10:59  Ravager  
  155  11:03  Spore Crawler  
  155  11:05  Spore Crawler  
  155  11:06  Drone x5, Spore Crawler  
  155  11:08  Spore Crawler x2  
  156  11:21  Roach x8  
  156  11:25  Adrenal Glands  
  172  11:27  Hydralisk x2  
  172  11:28  Hydralisk x4  
  177  11:39  Zerg Flyer Weapons Level 2  
  174  11:41  Ultralisk x3  
  174  11:44  Chitinous Plating  
  192  11:48  Zergling x6  
  192  11:49  Zergling x12  
  194  11:58  Ultralisk  
  194  12:04  Zergling x18  
  194  12:11  Ultralisk  
  192  12:22  Ultralisk  
  194  12:26  Overseer x2  
  194  12:29  Hydralisk x4  
  186  12:30  Hydralisk x2  
  190  12:47  Hydralisk x3  
  190  12:48  Hydralisk x2  
  200  13:03  Hydralisk x7  
  197  13:14  Hatchery  
  197  13:15  Hydralisk x2  
  199  13:26  Hydralisk x8  
  190  13:27  Hydralisk  
  190  13:30  Zergling x10  
  185  13:37  Zergling x2  
  185  13:39  Extractor  
  176  13:43  Zergling x24  
  176  13:48  Hydralisk x3  
  184  13:53  Extractor  
  186  13:56  Spine Crawler  
  186  13:57  Spine Crawler  
  186  13:59  Spore Crawler, Overseer  
  183  14:04  Zergling x12  
  190  14:15  Lurker x7  
  196  14:26  Overseer, Extractor  
  196  14:30  Hatchery  
  194  14:32  Spine Crawler  
  193  14:45  Zergling x2  
  193  14:46  Zergling x12  
  193  14:48  Overseer x2  
  193  14:51  Spine Crawler  
  193  14:52  Spine Crawler  
  193  15:11  Hatchery  
  193  15:13  Hydralisk x6  
  186  15:28  Hydralisk x5  
  184  15:40  Hydralisk x4  
  172  15:53  Hydralisk x3  
  148  16:15  Zergling x6  
  148  16:16  Zergling x10  
  148  16:17  Overseer  
  156  16:20  Overseer  
  156  16:24  Drone  
  157  16:30  Zergling x6  
  157  16:32  Zergling x2  
Tags
 
Add a new tag
Caveats
  • Supply blocks, unpowered buildings, or Contaminate may cause inaccurate times.
  • Supply counts are checked every 10 seconds.